 Dungeon Crawl Stone Soup version 0.27.0-1-g7a089689b8 (webtiles) character file.

Game seed: 100106410316124001

123 infcreate the Covered (level 5, 33/33 HPs)
             Began as a Gargoyle Fighter on Aug 7, 2021.
             Quit the game on level 3 of the Dungeon on Aug 13, 2021.
             The game lasted 00:04:16 (2903 turns).

infcreate the Covered (Gargoyle Fighter)            Turns: 2903, Time: 00:04:17

Health: 33/33      AC: 11    Str: 19    XL:     5   Next: 7%
Magic:  5/5        EV:  7    Int: 10    God:
Gold:   36         SH:  9    Dex:  9    Spells: 4/4 levels left

rFire    . . .     SeeInvis .   a - +0 flail
rCold    . . .     Faith    .   c - +0 kite shield
rNeg     + . .     Spirit   .   b - +0 scale mail
rPois    ∞         Reflect  .   (no helmet)
rElec    +         Harm     .   (no cloak)
rCorr    .         Rampage  .   (no gloves)
Will     .....                  (no boots)
Stlth    ..........             (no amulet)
HPRegen  0.11/turn              (no ring)
MPRegen  0.09/turn              (no ring)

@: no status effects
A: sickness immunity, AC +4, negative energy resistance 1, electricity
resistance, torment resistance 1, petrification resistance
a: no special abilities


You were on level 3 of the Dungeon.
You visited 1 branch of the dungeon, and saw 3 of its levels.

You collected 36 gold pieces.


Innate Abilities, Weirdness & Mutations

You are immune to sickness and miasma.
Your stone body is resilient. (AC +4)
You are immune to poison.
You resist negative energy. (rN+)
You are resistant to electric shocks. (rElec)
You are resistant to unholy torment.
You are immune to petrification.


   Skills:
 + Level 4.1 Fighting
 + Level 3.0 Maces & Flails
 + Level 4.2 Armour
 + Level 4.2 Shields


You had 4 spell levels left.
You didn't know any spells.
Your spell library was empty.

Inventory:

Hand Weapons
 a - a +0 flail (weapon)
Armour
 b - a +0 scale mail (worn)
 c - a +0 kite shield (worn)
Scrolls
 d - a scroll of summoning {unknown}
Potions
 e - a potion of resistance {unknown}

Dungeon Overview and Level Annotations

Branches:
Dungeon (3/15)

Altars:

.########
....$...#
#@# #.#
#.#
####.#
..##.#
#.##.#
#.##.#
#.##.#
#.##.#


There were no monsters in sight!


Message History

The ball python is heavily wounded.
You block the ball python's attack. The ball python constricts you.
The ball python bites you but does no damage.
The ball python constricts you.
You hit the ball python.
You kill the ball python!
No target in view!
A white imp comes into view.
Found 5 gold pieces.
You hit the white imp but do no damage. The white imp hits you.
The white imp freezes you.
You hit the white imp.
The white imp is lightly wounded.
The white imp hits you but does no damage.
The white imp gestures at you. The puff of frost hits you.
You hit the white imp.
The white imp is severely wounded.
The white imp grinds its teeth.
The white imp gestures at you. The puff of frost hits you.
You hit the white imp.
You kill the white imp!
Your Maces & Flails skill increases to level 3!
No target in view!
You now have 36 gold pieces (gained 5).
Found 12 gold pieces.
Welcome back, infcreate the Gargoyle Fighter.
Press ? for a list of commands and other information.
Are you sure you want to abandon this character and quit the game? (Confirm with "yes".)

Skill      XL: |  1  2  3  4  5 |
---------------+----------------+-----
Armour         | 4 |  4.2
Shields        | 4 |  4.2
Fighting       | 4 |  4.1
Maces & Flails | 3 |  3.0

Action                   |  1- 3 |  4- 6 || total
-------------------------+-------+-------++-------
Melee: Flail             |   127 |    59 ||   186
  Use: Potion            |     1 |       ||     1
Armor: Scale mail        |    73 |    30 ||   103
Dodge: Dodged            |    33 |    13 ||    46
Block: Kite shield       |    74 |    35 ||   109

Levels and vault maps discovered:
D:1:      shiori_shiawase, layout_basic
D:2:      layout_rooms, grunt_ministairs_7, chequers_serial_rivers_large_a,
          chequers_big_river, uniq_terence
D:3:      layout_loops_ring, hellmonk_ecumenical_altar_inner_sanctum,
          uniq_natasha, uniq_robin

Notes
Turn   | Place    | Note
-------+----------+-------------------------------------------
     0 | D:1      | infcreate the Gargoyle Fighter began the quest for the Orb.
     0 | D:1      | Reached XP level 1. HP: 14/14 MP: 1/1
   323 | D:1      | Reached XP level 2. HP: 19/19 MP: 2/2
  1024 | D:1      | Reached XP level 3. HP: 23/23 MP: 3/3
  1685 | D:2      | Noticed an ogre
  1872 | D:2      | Noticed Terence
  1890 | D:2      | Killed Terence
  1891 | D:2      | Reached XP level 4. HP: 20/29 MP: 4/4
  1996 | D:2      | Reached skill level 4 in Armour
  2013 | D:2      | Reached skill level 4 in Shields
  2051 | D:2      | Reached skill level 4 in Fighting
  2617 | D:3      | Reached XP level 5. HP: 20/33 MP: 5/5
  2769 | D:3      | Reached skill level 3 in Maces & Flails
  2903 | D:3      | Quit the game

Vanquished Creatures
  An orc wizard (D:3)
  Terence (D:2)
  An adder (D:2)
  A white imp (D:3)
  2 worms (D:2)
  A dart slug (D:1)
  3 orcs (D:3)
  4 ball pythons
  5 bats
  4 endoplasms (D:1)
  3 giant cockroaches (D:2)
  4 goblins
  3 hobgoblins
  2 jackals (D:1)
  2 quokkas
  A frilled lizard (D:1)
  6 kobolds
  3 rats
47 creatures vanquished.

Vanquished Creatures (others)
  6 plants (D:2)
6 creatures vanquished.

Grand Total: 53 creatures vanquished

Table legend: (Time is in decaauts)
 A = Elapsed time spent in this place.
 B = Non-inter-level travel time spent in this place.
 C = Inter-level travel time spent in this place.
 D = Time resting spent in this place.
 E = Time spent auto-exploring this place.
 F = Levels seen in this place.
 G = Mean time per level.
                   A        B        C        D        E       F      G
               +--------+--------+--------+--------+--------+-----+--------+
         Total |   3005 |   2923 |     82 |     96 |   2162 |   3 | 1001.7 |
       Dungeon |   3005 |   2923 |     82 |     96 |   2162 |   3 | 1001.7 |
               +--------+--------+--------+--------+--------+-----+--------+

Top non-repeatable levels by time:
     D:1: 1409 daAuts
     D:2: 1078 daAuts
     D:3: 517 daAuts

Table legend:
 A = Non-vault XP
 B = Vault XP
 C = Vault XP percentage of total XP
 D = Non-vault monster count
 E = Vault monster count
 F = Vault count percentage of total count
                 A         B        C        D         E       F
            +---------+---------+-------+---------+---------+-------
      Total |     142 |      35 |  19.8 |      44 |       3 |   6.4
            +---------+---------+-------+---------+---------+-------
        D:1 |      37 |       0 |   0.0 |      21 |       0 |   0.0
        D:2 |      46 |      35 |  43.2 |      16 |       3 |  15.8
        D:3 |      59 |       0 |   0.0 |       7 |       0 |   0.0
            +---------+---------+-------+---------+---------+-------
